 Dungeon Crawl Stone Soup version 0.31-a0-1338-gb567cfdca4 (webtiles) character file.

Game seed: 6227379190972673627

3631 jasper the Merchant of Misery (level 9, -11/62 (64) HPs)
             Began as a Demonspawn Necromancer on Dec 21, 2023.
             Was a Believer of Kikubaaqudgha.
             Killed by divine providence
             ... invoked by Jeremiah
              (15 damage)
             ... on level 7 of the Dungeon on Dec 22, 2023.
             The game lasted 00:17:20 (6363 turns).

jasper the Merchant of Misery (DsNe)                Turns: 6363, Time: 00:17:20

HP:   -11/62 (64)   AC:  8    Str:  9    XL:     9   Next: 87%
MP:   13/18         EV: 23    Int: 19    God:    Kikubaaqudgha [**....]
Gold: 231           SH:  0    Dex: 14    Spells: 3/20 levels left

rFire   . . .        p - staff of earth
rCold   . . .        (no shield)
rNeg    . . .        D - +0 steam dragon scales
rPois   .            (no helmet)
rElec   .            (no cloak)
rCorr   .            (no gloves)
SInv    .            (no boots)
Will    .....        l - amulet of magic regeneration
Stlth   ++           (no ring)
HPRegen 0.30/turn    v - +5 ring of evasion
MPRegen 0.56/turn

%: no passive effects
@: agile, lightly drained
A: claws 2, thin metallic scales 2, powered by pain 1, demonic magic 1
a: Renounce Religion, Unearth Wretches


You were on level 7 of the Dungeon.
You worshipped Kikubaaqudgha.
Kikubaaqudgha was pleased with you.
You visited 2 branches of the dungeon, and saw 8 of its levels.

You collected 231 gold pieces.

Inventory:

Hand Weapons
 d - a +0 whip
 f - a +0 hand axe
 k - a +1 quarterstaff of protection
Missiles
 e - 39 stones
 t - 2 throwing nets
Armour
 a - a +1 robe
 r - a scarf of invisibility
 D - +0 steam dragon scales (worn)
Magical Staves
 p - a staff of earth (weapon)
Jewellery
 h - a ring of wizardry
 l - an amulet of magic regeneration (around neck)
 v - a +5 ring of evasion (right claw)
 w - a ring of positive energy
 x - a +4 ring of slaying
Wands
 n - a wand of acid (10)
Scrolls
 c - a scroll of amnesia
 q - 2 scrolls of noise
 y - 2 scrolls of identify
 B - a scroll of fear {unknown}
 C - a scroll of enchant weapon
 E - a scroll of blinking {unknown}
 F - a scroll of acquirement {unknown}
 G - a scroll of vulnerability
Potions
 b - 2 potions of magic
 g - a potion of might
 m - a potion of degeneration
 o - 2 potions of brilliance
 s - a potion of cancellation
 u - a potion of invisibility
 z - 2 potions of mutation {unknown}
 A - 2 potions of curing {unknown}
 H - a potion of attraction {unknown}


   Skills:
 + Level 3.5 Fighting
 + Level 3.7 Dodging
 - Level 1.7 Stealth
 - Level 6.0 Spellcasting
 - Level 5.0 Conjurations
 + Level 8.8 Necromancy
 - Level 7.0 Earth Magic


You had 3 spell levels left.
You knew the following spells:

 Your Spells              Type           Power      Damage    Failure   Level
a - Animate Dead          Necr           39%        N/A       3%          4
b - Vampiric Draining     Necr           39%        2d8       1%          3
c - Stone Arrow           Conj/Erth      84%        3d12      2%          3
d - Fugue of the Fallen   Necr           39%        N/A       1%          3
e - Passwall              Alch/Erth      23%        N/A       4%          2
f - Sublimation of Blood  Necr           39%        N/A       1%          2

Your spell library contained the following spells:

 Spells                   Type           Power      Damage    Failure   Level
 Kiss of Death            Conj/Necr      100%       2d13      1%          1
 Necrotise                Necr           100%       1d9       1%          1
 Sandblast                Erth           96%        2d20      1%          1
 Sting                    Conj/Alch      60%        1d6       4%          1
 Summon Small Mammal      Summ           20%        N/A       11%         1
 Mercury Vapours          Alch/Air       10%        N/A       17%         2
 Call Canine Familiar     Summ           5%         N/A       32%         3
 Ozocubu's Armour         Ice            5%         N/A       32%         3
 Summon Guardian Golem    Hex/Summ       5%         N/A       32%         3
 Agony                    Necr           39%        N/A       9%          5
 Brom's Barrelling Bould  Conj/Erth      42%        2d6       10%         4
 Animate Armour           Summ/Erth      56%        N/A       26%         4
 Manifold Assault         Tloc           5%         N/A       73%         4
 Olgreb's Toxic Radiance  Alch           5%         N/A       73%         4
 Lehudib's Crystal Spear  Conj/Erth      21%        10d6      100%        8


Dungeon Overview and Level Annotations

Branches:
Dungeon (7/15)             Temple (1/1) D:4

Altars:
Ashenzari
Cheibriados
Dithmenos
Fedhas
Gozag
Hepliaklqana
Kikubaaqudgha
Makhleb
Okawaru
Ru
Sif Muna
Trog
Uskayaw
Vehumet
Wu Jian
Xom
Yredelemnul

Annotations:
D:2 Natasha
D:7 Jeremiah


Innate Abilities, Weirdness & Mutations

You have very sharp fingernails.
You are mostly covered in thin metallic scales. (AC +3)
You sometimes gain a little power by taking damage.
Spells you cast may paralyse adjacent enemies.


Message History

You miss the butterfly. You hit the butterfly.
You kill the butterfly!
The butterfly disappears in a burst of colours!
You miss the butterfly. You barely miss the butterfly.
You feel a little less mighty now.
Jeremiah lets out a twisted cry.
Something smites you!
* * * LOW HITPOINT WARNING * * *
You focus on the pain.
You feel more agile all of a sudden.
You take 17 damage, and have 12/62 hp.
MASSIVE DAMAGE!!
You miss the butterfly. You closely miss the butterfly.
The butterfly disappears in a burst of colours! x2
Aiming: Stone Arrow (dangerous; 2% risk of failure)
Press: ? - help, Q - select action, (/) - cycle Shift-Dir - straight line, f/p - Jeremiah
Aim: Jeremiah, wielding a +2 trident of draining, wearing a +0 robe and wearing an orb of mayhem (severely wounded, 70% to hit)
You feel a surge of power!
The stone arrow misses the butterfly. x2
The stone arrow hits Jeremiah!
Jeremiah is almost dead.
Malevolent energies surge around you.
Jeremiah cries, "Fearful master, protect me!"
Something smites you!
* * * LOW HITPOINT WARNING * * *
You take 9 damage, and have 4/62 hp.
You now have 16/18 mp.
Aiming: Stone Arrow (dangerous; 2% risk of failure)
Press: ? - help, Q - select action, (/) - cycle Shift-Dir - straight line, f/p - Jeremiah
Aim: Jeremiah, wielding a +2 trident of draining, wearing a +0 robe and wearing an orb of mayhem (almost dead, 70% to hit)
You feel a surge of power!
The stone arrow hits the butterfly!
You kill the butterfly!
The butterfly disappears in a burst of colours!
Malevolent energies surge around you.
The butterfly disappears in a burst of colours!
Jeremiah mumbles a slurred invocation.
Something smites you!
You die...
Jeremiah wails, "I didn't mean to kill anyone!
I'm not a murderer!"
Kikubaaqudgha rasps: "You have failed me!
Welcome... death!"

######## #......#
#......##### ######
#....)......
#....#########b.....#####
#....<..@[bbFb.b.b).#
###..########b..#F.##
##.## ###.##.## #..#
#.....# #########
####.b## ##≈≈≈♣.♣#
##..#### #≈≈≈♣...♣###
#...... #≈≈≈8._..'.#
###.##. #≈≈≈♣...♣#.#
#.###


You could see Jeremiah.

Vanquished Creatures
  5 yaks
  2 steam dragons (D:6)
  Eustachio (D:5)
  2 water moccasins
  A black bear (D:5)
  A sky beast (D:7)
  2 ogres (D:6)
  2 centaurs (D:5)
  A kobold brigand (D:6)
  A phantom (D:6)
  A scorpion (D:7)
  15 wights
  3 howler monkeys
  3 jellies
  3 orc priests (D:6)
  A gnoll bouda (D:7)
  3 hounds
  2 sleepcaps
  Jessica (D:3)
  2 iguanas (D:5)
  2 orc wizards
  7 gnolls
  4 adders
  A white imp (D:5)
  2 bombardier beetles
  4 ufetubi
  A worm (D:5)
  A dart slug (D:1)
  12 orcs
  6 bats
  5 endoplasms
  2 giant cockroaches
  5 goblins
  3 hobgoblins
  8 jackals
  6 quokkas
  4 ball pythons
  3 frilled lizards
  14 kobolds
  3 rats
145 creatures vanquished.

Vanquished Creatures (collateral kills)
  An iguana (D:4)
  An endoplasm (D:1)
  A hobgoblin (D:4)
  2 goblins
5 creatures vanquished.

Vanquished Creatures (others)
  An orc (D:6)
1 creature vanquished.

Grand Total: 151 creatures vanquished

Notes
Turn   | Place    | Note
-------+----------+-------------------------------------------
     0 | D:1      | jasper the Demonspawn Necromancer began the quest for the
                  | Orb.
     0 | D:1      | Reached XP level 1. HP: 13/13 MP: 3/3
   226 | D:1      | Gained mutation: You sometimes gain a little power by
                  | taking damage. [demonic ancestry]
   226 | D:1      | Reached XP level 2. HP: 19/19 MP: 0/5
   378 | D:1      | Reached skill level 5 in Necromancy
  1008 | D:1      | Gained mutation: You are partially covered in thin metallic
                  | scales. (AC +2) [demonic ancestry]
  1008 | D:1      | Reached XP level 3. HP: 24/24 MP: 4/6
  1012 | D:1      | Learned a level 3 spell: Vampiric Draining
  1557 | D:2      | Noticed Natasha
  1770 | D:3      | Noticed Jessica
  1783 | D:3      | Killed Jessica
  1784 | D:3      | Reached skill level 1 in Fighting
  1784 | D:3      | Gained mutation: You are mostly covered in thin metallic
                  | scales. (AC +3) [demonic ancestry]
  1784 | D:3      | Reached XP level 4. HP: 24/32 MP: 0/7
  1790 | D:3      | Learned a level 3 spell: Stone Arrow
  2030 | D:3      | Reached skill level 1 in Conjurations
  2432 | D:4      | Gained mutation: You have sharp fingernails. [demonic
                  | ancestry]
  2432 | D:4      | Reached XP level 5. HP: 7/37 MP: 5/9
  2943 | D:4      | Gained mutation: You have very sharp fingernails. [demonic
                  | ancestry]
  2943 | D:4      | Reached XP level 6. HP: 43/43 MP: 0/10
  3271 | D:4      | Learned a level 3 spell: Fugue of the Fallen
  3431 | D:4      | Found a staircase to the Ecumenical Temple.
  3440 | Temple   | Entered the Ecumenical Temple
  3576 | D:5      | Entered Level 5 of the Dungeon
  3751 | D:5      | Reached skill level 5 in Conjurations
  3751 | D:5      | Reached skill level 1 in Earth Magic
  3908 | D:5      | Gained mutation: Spells you cast may paralyse adjacent
                  | enemies. [demonic ancestry]
  3908 | D:5      | Reached XP level 7. HP: 43/48 MP: 5/11
  4173 | D:5      | Reached skill level 6 in Necromancy
  4526 | D:5      | Noticed Eustachio
  4552 | D:5      | Killed Eustachio
  4588 | D:5      | Found an ancient bone altar of Kikubaaqudgha.
  4588 | D:5      | Found an iron altar of Okawaru.
  4678 | D:5      | Became a worshipper of Kikubaaqudgha
  4811 | D:5      | Learned a level 4 spell: Animate Dead
  4888 | D:6      | Noticed a steam dragon
  4915 | D:5      | Reached XP level 8. HP: 35/54 MP: 5/14
  5008 | D:6      | Learned a level 2 spell: Passwall
  5011 | D:6      | Reached skill level 7 in Necromancy
  5082 | D:6      | Reached skill level 5 in Spellcasting
  5234 | D:6      | Reached * piety under Kikubaaqudgha
  5234 | D:6      | Received a gift from Kikubaaqudgha
  5238 | D:6      | Learned a level 2 spell: Sublimation of Blood
  5313 | D:6      | Found a radiant altar of Vehumet.
  5313 | D:6      | Found an ornate altar of the Wu Jian Council.
  5314 | D:6      | Found an opulent altar of Gozag.
  5361 | D:6      | Reached skill level 8 in Necromancy
  5381 | D:6      | Reached skill level 5 in Earth Magic
  5381 | D:6      | Reached XP level 9. HP: 28/59 MP: 3/17
  5559 | D:6      | Found a blossoming altar of Fedhas.
  5730 | D:7      | Noticed Jeremiah
  6195 | D:7      | Reached ** piety under Kikubaaqudgha
  6242 | D:7      | Found a hazy altar of Hepliaklqana.
  6363 | D:7      | Killed from afar by Jeremiah

Illustrated notes

Levels and vault maps discovered:
D:1:      beargit_arrival_greenhouse, layout_basic,
          chequers_serial_rivers_large_a, minmay_misc_feat_encased,
          amethyst_killhole
D:2:      layout_loops_corners, basic_altar, serial_rivers,
          chequers_serial_rivers_room_a, chequers_serial_rivers_room_b,
          chequers_serial_rivers_large_b, chequers_serial_rivers_room_b,
          mrwooster_statue_mirror, minmay_misc_feat_iff,
          chequers_hall_statues_y, dreamdust_princess_bridge, uniq_natasha,
          uniq_robin
D:3:      layout_basic, uniq_jessica
D:4:      layout_loops_ring, temple_hall
D:5:      layout_loops_corners, amethyst_overflow_temple_binary,
          kennysheep_small_square, uniq_eustachio
D:6:      layout_basic, nicolae_overflow_hidden_temple, fedhas_ov_isle_minmay,
          st_stairs_5
D:7:      layout_rooms, worldfamousw_hep_ancestral_shrine, uniq_jeremiah
Temple:   minmay_temple_bridge_abc

Skill      XL: |  1  2  3  4  5  6  7  8  9 |
---------------+----------------------------+-----
Necromancy     | 5 6 8 |  8.8
Fighting       | 1 3 |  3.5
Dodging        | 2 3 |  3.7
Spellcasting   | 3 4 5 6 |  6.0
Conjurations   | 2 4 5 |  5.0
Earth Magic    | 1 3 5 7 |  7.0
Stealth        | |  1.7

Action                     |  1- 3 |  4- 6 |  7- 9 || total
---------------------------+-------+-------+-------++-------
  Melee: Whip              |    17 |       |       ||    17
         Quarterstaff      |     2 |    30 |       ||    32
         Staff             |       |    33 |    74 ||   107
         Punch             |       |     2 |       ||     2
   Cast: Necrotise         |    60 |    87 |       ||   147
         Vampiric Draining |       |    12 |    15 ||    27
         Stone Arrow       |       |     1 |   118 ||   119
         Fugue of the Fall |       |     2 |     1 ||     3
         Animate Dead      |       |       |     1 ||     1
         Sublimation of Bl |       |       |     1 ||     1
    Use: Scroll            |     1 |    10 |     5 ||    16
         Potion            |       |     1 |     2 ||     3
   Stab: Paralysed         |       |       |     9 ||     9
 Armour: Robe              |    19 |    70 |    48 ||   137
         Steam dragon scal |       |       |    11 ||    11
  Dodge: Dodged            |    28 |   129 |    75 ||   232

Table legend: (Time is in decaauts)
 A = Elapsed time spent in this place.
 B = Non-inter-level travel time spent in this place.
 C = Inter-level travel time spent in this place.
 D = Time resting spent in this place.
 E = Time spent auto-exploring this place.
 F = Levels seen in this place.
 G = Mean time per level.
                   A        B        C        D        E       F      G
               +--------+--------+--------+--------+--------+-----+--------+
         Total |   6401 |   6130 |    271 |    374 |   4648 |   8 |  800.1 |
       Dungeon |   6399 |   6128 |    271 |    374 |   4648 |   7 |  914.1 |
        Temple |      1 |      1 |      0 |      0 |      0 |   1 |    1.0 |
               +--------+--------+--------+--------+--------+-----+--------+

Top non-repeatable levels by time:
     D:1: 1356 daAuts
     D:5: 1355 daAuts
     D:4: 1198 daAuts
     D:6: 1102 daAuts
     D:3: 813 daAuts
     D:7: 356 daAuts
     D:2: 215 daAuts
  Temple: 1 daAuts
